AoeStats
← KND

African Clearing

504922108Analyzed
4v4 RM · 24d ago on Sep 7, 2026· 46m 36s· 8 players
Game mode
Random Map
Map size
Large (8 player)
Population
200
Speed
Normal
Resources
Standard
Victory
Conquest
Starting age
Dark Age
Ending age
Imperial Age
RankedLock teamsTeams togetherTeam positionsShared explorationLock speedFull tech treeHidden civsTurbo modeCheats
Victory
Defeat
🇨🇦 Malians · Canada
1636
+10
🇺🇸 Bohemians · United States
1568
+13
🇺🇸 Wei · United States
1539
+14
🇺🇸 Italians · United States
1501
+16
🇧🇷 Japanese · Brazil
1561
-16
🇧🇷 Britons · Brazil
1555
-15
🇺🇸 Bengalis · United States
1472
-12
🇺🇸 Khmer · United States
1426
-10
DMenisDenisTTV
9:25 Loom
13:31 Feudal Age
17:06 Town Watch
24:32 Double-Bit Axe
Coolman916
6:05 Loom
13:58 Feudal Age
17:42 Castle Age
16:59 Double-Bit Axe
18:37 Bow Saw
19:14 Fletching
22:22 Bodkin Arrow
24:59 Padded Archer Armor
逆·风
4:58 Loom
16:19 Feudal Age
16:59 Double-Bit Axe
17:30 Fishing Lines
21:41 Castle Age
20:22 Stone Mining
21:19 Town Watch
21:18 Horse Collar
22:46 Bow Saw
22:36 Heavy Plow
26:17 Padded Archer Armor
26:21 Gold Mining
27:16 Fletching
28:35 Wheelbarrow
29:11 Bodkin Arrow
29:52 Leather Archer Armor
30:49 Hand Cart
35:40 Imperial Age
36:24 Bracer
36:55 Ring Archer Armor
37:27 Chemistry
36:48 Ballistics
37:14 Siege Engineers
37:20 Masonry
37:32 Conscription
38:44 Masonry
39:39 Treadmill Crane
40:30 Architecture
42:15 Coinage
41:48 Elite Longbowman
42:50 Yeomen
44:05 Warwolf
44:44 Arrowslits
KND
9:36 Loom
11:47 Feudal Age
11:52 Man-at-Arms
13:33 Arson
15:51 Double-Bit Axe
17:42 Forging
23:37 Castle Age
21:55 Horse Collar
22:23 Scale Mail Armor
23:11 Gold Mining
23:38 Long Swordsman
24:04 Gambesons
24:38 Chain Mail Armor
26:55 Fletching
28:49 Bow Saw
31:23 Ballistics
31:08 Padded Archer Armor
31:38 Town Watch
33:52 Bodkin Arrow
36:20 Leather Archer Armor
37:55 Wheelbarrow
39:14 Thumb Ring
41:49 Elite Skirmisher
Thundernips, The Ultimate Gigolo
12:10 Loom
17:38 Feudal Age
19:04 Wheelbarrow
18:21 Double-Bit Axe
19:49 Town Watch
22:36 Castle Age
20:48 Stone Mining
22:42 Gold Mining
25:23 Hand Cart
25:05 Fletching
27:02 Gold Shaft Mining
26:13 Horse Collar
26:33 Bodkin Arrow
27:01 Heavy Plow
29:19 Bow Saw
33:13 Padded Archer Armor
37:10 Imperial Age
36:47 Leather Archer Armor
36:33 Husbandry
36:43 Bloodlines
36:57 Ballistics
36:18 Treadmill Crane
36:48 Masonry
36:34 Murder Holes
37:17 Thumb Ring
36:59 Treadmill Crane
37:16 Murder Holes
38:19 Bracer
39:58 Chemistry
39:37 Parthian Tactics
40:07 Ring Archer Armor
41:06 Tuntian
41:26 Conscription
42:54 Ming Guang Armor
43:45 Stone Shaft Mining
44:58 Elite Tiger Cavalry
Jaxto
12:46 Feudal Age
11:53 Loom
18:35 Castle Age
18:11 Double-Bit Axe
20:07 Fletching
22:43 Bow Saw
25:37 Chemistry
30:06 Horse Collar
33:39 Wheelbarrow
37:09 Imperial Age
37:10 Town Watch
37:30 Padded Archer Armor
37:25 Bodkin Arrow
39:02 Two-Man Saw
38:10 Siege Engineers
38:36 Capped Ram
39:31 Heavy Plow
40:36 Conscription
40:54 Masonry
40:57 Elite Skirmisher
44:58 Bracer
45:13 Leather Archer Armor
45:57 Hand Cart
YOGRANNYCANTSCRAP
9:25 Loom
12:58 Feudal Age
17:47 Castle Age
23:20 Fletching
31:47 Double-Bit Axe
33:01 Bow Saw
39:21 Elite Skirmisher
41:17 Padded Archer Armor
41:39 Bodkin Arrow
42:38 Wheelbarrow
43:59 Thumb Ring
44:24 Ballistics
44:39 Leather Archer Armor
Benitto Burrito
5:28 Loom
13:35 Feudal Age
17:20 Castle Age
21:39 Forging
26:44 Gold Mining
26:45 Stone Mining
27:40 Horse Collar
28:01 Town Watch
28:52 Wheelbarrow
28:42 Scale Mail Armor
30:19 Squires
35:48 Imperial Age
36:54 Chain Mail Armor
38:15 Plate Mail Armor
43:37 Iron Casting
42:53 Fletching
44:06 Arson
Connection lost

Rejoining the realm…

Still unreachable

The connection could not be restored.

Session expired

The server has moved on; the page needs a fresh start.